 Dungeon Crawl Stone Soup version 0.25-a0-294-gea9b1ad378 (webtiles) character file.

Game seed: 6599596265910192475, levelgen mode: classic

439 Borgoz the Cutter (level 7, 0/46 HPs)
             Began as a Halfling Gladiator on Dec 18, 2019.
             Was an Initiate of Okawaru.
             Succumbed to a scorpion's poison
             ... on level 4 of the Dungeon.
             The game lasted 00:03:38 (2666 turns).

Borgoz the Cutter (Halfling Gladiator)              Turns: 2666, Time: 00:03:38

Health: 0/46       AC:  4    Str: 15    XL:     7   Next: 22%
Magic:  7/7        EV: 17    Int:  6    God:    Okawaru [......]
Gold:   321        SH:  0    Dex: 18    Spells: 6/6 levels left

rFire    . . .     SeeInvis .   a - +0 rapier
rCold    . . .     Gourm    .   (shield restricted)
rNeg     . . .     Faith    .   b - +0 leather armour
rPois    .         Spirit   .   c - +0 helmet
rElec    .         Reflect  .   (no cloak)
rCorr    .         Harm     .   (no gloves)
MR       .....                  (no boots)
Stlth    +.........             (no amulet)
HPRegen  0.15/turn              (no ring)
MPRegen  0.10/turn              (no ring)

@: lethally poisoned (0 -> -2)
A: small, mutation resistance 1
a: Renounce Religion


You were on level 4 of the Dungeon.
You worshipped Okawaru.
Okawaru was noncommittal.
You were hungry.

You visited 1 branch of the dungeon, and saw 4 of its levels.

You collected 321 gold pieces.

Inventory:

Hand Weapons
 a - a +0 rapier (weapon)
Missiles
 e - a throwing net (quivered)
Armour
 b - a +0 leather armour (worn)
 c - a +0 helmet (worn)
Scrolls
 d - a scroll of random uselessness {unknown}
 g - a scroll of enchant weapon {unknown}
 h - a scroll of fog {unknown}
 i - a scroll of teleportation {unknown}
 j - 3 scrolls of remove curse {unknown}
 k - 4 scrolls of identify {unknown}
 l - a scroll of noise {unknown}
 m - a scroll of fear {unknown}
 o - a scroll of magic mapping {unknown}
 p - 2 scrolls of amnesia {unknown}
Comestibles
 f - 6 rations


   Skills:
 + Level 3.3 Fighting
 * Level 6.4 Short Blades
 - Level 2.0 Throwing
 + Level 3.1 Armour
 + Level 4.7 Dodging


You had 6 spell levels left.
You didn't know any spells.
Your spell library was empty.

Dungeon Overview and Level Annotations

Branches:
Dungeon (4/15)
 Temple: D:4-7

Altars:
Cheibriados
Makhleb
Okawaru
Vehumet

Annotations:
D:4 1 runed translucent door


Innate Abilities, Weirdness & Mutations

You are small and have problems with some larger weapons.
You are somewhat resistant to further mutation.


Message History

* * * LOW HITPOINT WARNING * * *
You feel sick.
* * * LOW HITPOINT WARNING * * *
You feel sick.
* * * LOW HITPOINT WARNING * * *
You feel sick.
* * * LOW HITPOINT WARNING * * *
You feel sick.
* * * LOW HITPOINT WARNING * * *
You feel sick.
* * * LOW HITPOINT WARNING * * *
You feel sick.
* * * LOW HITPOINT WARNING * * *
You feel sick.
* * * LOW HITPOINT WARNING * * *
You feel sick.
Found a stone staircase leading down.
Found a runed translucent door.
* * * LOW HITPOINT WARNING * * *
You feel sick.
You die...

##....#..#...#
##........##....
#...###.... ....
#.....##...
##.........
#####..........
##..............
#...............
#.....@..#######
#.........#≈≈≈≈
#.>.......+≈≈≈≈
..........#≈≈rw≈
..........######
...........
........##..
#.......# ...


You could see a worm and a rat (sleeping).

Vanquished Creatures
  Sigmund (D:2)
  An ogre (D:2)
  A scorpion (D:4)
  A hound (D:3)
  Jessica (D:2)
  3 adders (D:2)
  2 worms (D:2)
  A dart slug (D:2)
  A leopard gecko (D:2)
  A ball python (D:3)
  11 bats
  2 giant cockroaches
  6 goblins
  7 hobgoblins
  10 jackals
  8 kobolds
  3 frilled lizards
  6 rats
66 creatures vanquished.

Notes
Turn   | Place    | Note
-------+----------+-------------------------------------------
     0 | D:1      | Borgoz the Halfling Gladiator began the quest for the Orb.
     0 | D:1      | Reached XP level 1. HP: 14/14 MP: 1/1
    38 | D:1      | Reached XP level 2. HP: 11/19 MP: 2/2
   224 | D:1      | Reached skill level 4 in Short Blades
   393 | D:1      | Reached skill level 1 in Armour
   393 | D:1      | Reached XP level 3. HP: 20/24 MP: 3/3
   763 | D:2      | Noticed Jessica
   774 | D:2      | Killed Jessica
   774 | D:2      | Reached XP level 4. HP: 14/30 MP: 4/4
  1127 | D:2      | Noticed Sigmund
  1139 | D:2      | Killed Sigmund
  1139 | D:2      | Reached skill level 5 in Short Blades
  1139 | D:2      | Reached XP level 5. HP: 18/36 MP: 5/5
  1139 | D:2      | Reached XP level 6. HP: 21/41 MP: 6/6
  1388 | D:2      | Found a radiant altar of Vehumet.
  1471 | D:2      | Found a snail-covered altar of Cheibriados.
  1671 | D:2      | Noticed an ogre
  1699 | D:2      | Killed an ogre
  1699 | D:2      | Reached skill level 6 in Short Blades
  1948 | D:3      | Found a burning altar of Makhleb.
  1960 | D:3      | Reached XP level 7. HP: 39/46 MP: 7/7
  2048 | D:3      | Found an iron altar of Okawaru.
  2058 | D:3      | Became a worshipper of Warmaster Okawaru
  2658 | D:4      | HP: 2/46 [poisoned by a scorpion]
  2661 | D:4      | Found a runed translucent door.
  2663 | D:4      | HP: 1/46 [poisoned by a scorpion]
  2666 | D:4      | Succumbed to a scorpion's poison

Levels and vault maps discovered:
D:1:      beargit_arrival_greenhouse, layout_rooms, st_stairs_6,
          corexii_item_surrounded_by_moat
D:2:      layout_loops_ring, old_standard_altar, kennysheep_slug_shrine,
          uniq_sigmund, uniq_jessica
D:3:      layout_loops_corners, makhleb_heckhound_becter,
          overflow_temple_1_default
D:4:      layout_cave_pools, ebering_ghost_sewer_f, first_ration

Skill      XL: |  1  2  3  4  5  6  7 |
---------------+----------------------+-----
Fighting       | 2 3 |  3.3
Short Blades   | 4 5 6 |  6.4
Armour         | 1 2 3 |  3.1
Dodging        | 4 |  4.7
Throwing       | |  2.0

Action                   |  1- 3 |  4- 6 |  7- 9 || total
-------------------------+-------+-------+-------++-------
Melee: Rapier            |   108 |   120 |    49 ||   277
Throw: Throwing net      |     2 |     2 |       ||     4
  Use: Potion            |       |     3 |       ||     3
 Stab: Held in net/web   |     1 |     1 |       ||     2
       Sleeping          |       |       |     2 ||     2
  Eat: Chunk             |       |     4 |     1 ||     5
Armor: Leather armour    |    48 |    17 |     7 ||    72
Dodge: Dodged            |   133 |    98 |    42 ||   273

Table legend:
 A = Non-vault XP
 B = Vault XP
 C = Vault XP percentage of total XP
 D = Non-vault monster count
 E = Vault monster count
 F = Vault count percentage of total count
                 A         B        C        D         E       F
            +---------+---------+-------+---------+---------+-------
      Total |     340 |     288 |  45.9 |      60 |       6 |   9.1
            +---------+---------+-------+---------+---------+-------
        D:1 |      38 |       2 |   5.0 |      23 |       2 |   8.0
        D:2 |     210 |     246 |  53.9 |      24 |       3 |  11.1
        D:3 |      20 |      40 |  66.7 |      12 |       1 |   7.7
        D:4 |      72 |       0 |   0.0 |       1 |       0 |   0.0
            +---------+---------+-------+---------+---------+-------
